 Dungeon Crawl Stone Soup version 0.31.0-10-gcf4a605ca0 (webtiles) character file.

Game seed: 17417552975651967024

2429 Arcadio the Trooper (level 9, -14/109 (121) HPs)
             Began as a Black Draconian Shapeshifter on Jan 25, 2024.
             Was a Believer of Fedhas.
             Killed from afar by an orc sorcerer (17 damage)
             ... with a bolt of negative energy
             ... in a bailey.
             The game lasted 00:13:56 (6423 turns).

Arcadio the Trooper (Black Draconian Shapeshifter)  Turns: 6423, Time: 00:13:57

HP:   -14/109 (121) AC: 24    Str: 20    XL:     9   Next: 24%
MP:   9/9           EV:  2    Int: 11    God:    Fedhas [**....]
Gold: 369           SH:  0    Dex: 11    Spells: 8/8 levels left

rFire   + .          .
                       - Unarmed
rCold   . . .        (no shield)
rNeg    . . .        (body armour unavailable)
rPois   +            (helmet currently unavailable)
rElec   .            (cloak currently unavailable)
rCorr   .            (gloves currently unavailable)
SInv    .            (boots currently unavailable)
Will    .....        w - amulet of faith
Stlth   +            g - +5 ring of evasion
HPRegen 0.38/turn    s - ring of protection from fire
MPRegen 0.11/turn

%: faith
@: tree-form, drained
A: stationary, stasis, torment immunity, boosted hp, (breathe lightning), AC +7,
unfitting armour, (electricity resistance), (cold-blooded)
a: Renounce Religion, Wall of Briars


You were in a bailey.
You worshipped Fedhas.
Fedhas was pleased with you.
You were a tree.
You visited 2 branches of the dungeon, and saw 8 of its levels.
You also visited: Bailey.

You collected 369 gold pieces.

Inventory:

Armour
 p - a +0 cloak
Jewellery
 f - a ring of flight
 g - a +5 ring of evasion (left branch)
 s - a ring of protection from fire (right branch)
 w - an amulet of faith (around neck)
 y - an amulet of regeneration
Talismans
 b - a beast talisman
 c - a flux talisman
Wands
 v - a wand of iceblast (11)
 A - a wand of charming (8)
Scrolls
 d - a scroll of vulnerability {unknown}
 e - a scroll of blinking {unknown}
 i - a scroll of enchant armour {unknown}
 n - 2 scrolls of enchant weapon {unknown}
 o - 3 scrolls of amnesia
 r - a scroll of acquirement {unknown}
 t - a scroll of noise {unknown}
 x - a scroll of revelation {unknown}
 z - a scroll of poison {unknown}
 B - 2 scrolls of teleportation {unknown}
Potions
 a - a potion of lignification
 j - 2 potions of mutation {unknown}
 k - 2 potions of haste
 l - a potion of attraction {unknown}
 m - a potion of heal wounds {unknown}
 q - a potion of cancellation {unknown}
 u - 2 potions of brilliance {unknown}


   Skills:
 + Level 7.8 Fighting
 + Level 6.6 Dodging
 + Level 7.6 Unarmed Combat
 + Level 3.8 Shapeshifting


You had 8 spell levels left.
You didn't know any spells.
Your spell library contained the following spells:

 Spells                   Type           Power      Damage    Failure   Level
 Lesser Beckoning         Tloc           0%         N/A       47%         2
 Call Canine Familiar     Summ           0%         N/A       71%         3
 Gell's Gravitas          Tloc           0%         N/A       71%         3
 Ozocubu's Armour         Ice            0%         N/A       71%         3
 Sigil of Binding         Hex            0%         N/A       71%         3
 Teleport Other           Tloc           0%         N/A       71%         3
 Dimensional Bullseye     Hex/Tloc       0%         N/A       98%         4
 Metabolic Englaciation   Hex/Ice        0%         N/A       100%        5
 Sculpt Simulacrum        Ice/Alch       0%         N/A       100%        6


Dungeon Overview and Level Annotations

Branches:
Dungeon (7/15)             Temple (1/1) D:4          Bailey (1/1)

Altars:
Ashenzari
Cheibriados
Dithmenos
Elyvilon
Fedhas
Gozag
Makhleb
Qazlal
Ru
Sif Muna
Trog
Uskayaw
Vehumet
Wu Jian
Yredelemnul

Shops:
D:2 =

Annotations:
D:4 Grinder


Innate Abilities, Weirdness & Mutations

You are a tree.
Your roots penetrate the ground, keeping you stationary.
You cannot be teleported.
You are immune to unholy pain and torment.
Your maximum health is greatly increased.
Your equipment is partially melded.
((You can breathe wild blasts of lightning.))
((Your glossy black scales are hard. (AC +7)))
You cannot fit into any form of body armour.
((You are resistant to electric shocks. (rElec)))
((You are cold-blooded and may be slowed by cold attacks.))


Message History

The orc sorcerer is lightly wounded.
The orc hits you but does no damage.
The orc warrior hits you but does no damage.
The orc sorcerer shouts, "You are history!"
The orc sorcerer hits you with a +0 war axe.
You hit the orc sorcerer.
The orc sorcerer is lightly wounded.
You smack the orc sorcerer!
The orc sorcerer is moderately wounded.
The orc hits you but does no damage.
The orc warrior hits you but does no damage.
The orc sorcerer casts a spell at you.
You suddenly lose the ability to move!
The orc hits you but does no damage.
The orc warrior hits you with a +0 war axe.
The orc sorcerer hits you but does no damage.
The orc hits you but does no damage.
The orc warrior hits you but does no damage.
The orc sorcerer casts a spell at you.
The bolt of fire hits you but does no damage.
The orc hits you but does no damage.
The orc warrior hits you with a +0 war axe.
The orc sorcerer gestures at you while chanting.
The bolt of negative energy hits you!
You feel drained.
* * * LOW HITPOINT WARNING * * *
The orc hits you but does no damage.
The orc warrior hits you but does no damage.
The orc sorcerer casts a spell at you. The bolt of negative energy hits you!
You feel drained.
* * * LOW HITPOINT WARNING * * *
You can move again.
You smack the orc sorcerer!
The orc sorcerer is severely wounded.
The orc hits you but does no damage.
The orc warrior hits you with a +0 war axe.
* * * LOW HITPOINT WARNING * * *
The orc sorcerer points at you and mumbles some strange words.
The bolt of negative energy hits you!
You feel drained.
You die...
Fedhas appreciates your contribution to the ecosystem.

≈ ≈
####~
+...
###..#
#....#
#.ooo#
'#♣##
##+
#..#
#..
#..#
#..
#..#
#..
#..#
#..
#))#
#..
##)#
#'#
#..#
#..
#.8#
#8.


You could see an orc sorcerer, an orc warrior and an orc.

Vanquished Creatures
  Eustachio (D:6)
  Edmund (D:6)
  A water moccasin (D:6)
  8 orc warriors
  An ice beast (D:6)
  A sky beast (D:7)
  A black bear (D:6)
  3 ogres
  A phantom (D:5)
  A bullfrog (D:6)
  2 scorpions
  3 jellies
  Crazy Yiuf (D:2)
  Natasha (thrice) (D:2)
  An iguana (D:4)
  5 orc wizards
  2 gnolls (Bailey)
  6 adders
  2 shadow imps (D:4)
  2 white imps
  2 ufetubi (D:4)
  3 ribbon worms
  A dart slug (D:5)
  25 orcs
  3 ball pythons (D:2)
  4 endoplasms
  4 giant cockroaches
  23 goblins
  9 hobgoblins
  12 jackals
  4 bats
  4 frilled lizards
  5 kobolds
  6 rats
151 creatures vanquished.

Vanquished Creatures (others)
  A sleepcap (D:6)
  An orc (D:6)
  An endoplasm (D:4)
3 creatures vanquished.

Grand Total: 154 creatures vanquished

Notes
Turn   | Place    | Note
-------+----------+-------------------------------------------
     0 | D:1      | Arcadio the Draconian Shapeshifter began the quest for the
                  | Orb.
     0 | D:1      | Reached XP level 1. HP: 16/16 MP: 1/1
    84 | D:1      | Reached XP level 2. HP: 23/23 MP: 2/2
   138 | D:1      | Found a faded altar of an unknown god.
   523 | D:1      | Reached XP level 3. HP: 29/29 MP: 3/3
   924 | D:2      | Noticed Natasha
   940 | D:2      | Killed Natasha
   941 | D:2      | Reached XP level 4. HP: 18/37 MP: 4/4
  1016 | D:2      | Found a transporter.
  1016 | D:2      | Found Rustroto's Jewellery Shop.
  1025 | D:2      | Noticed Natasha
  1037 | D:2      | Killed Natasha
  1048 | D:2      | Found a transporter.
  1206 | D:2      | Found a runed translucent door.
  1207 | D:2      | Noticed Crazy Yiuf
  1213 | D:2      | Killed Crazy Yiuf
  1214 | D:2      | Reached XP level 5. HP: 45/45 MP: 5/5
  1305 | D:2      | Noticed Natasha
  1315 | D:2      | Killed Natasha
  1412 | D:3      | Noticed an ogre
  1489 | D:4      | Found a sacrificial altar of Ru.
  1683 | D:4      | Reached XP level 6. HP: 22/52 MP: 6/6
  1881 | D:4      | Noticed Grinder
  1881 | D:4      | Paralysed by Grinder for 3 turns
  1902 | D:4      | Paralysed by Grinder for 2 turns
  2954 | D:4      | Found a staircase to the Ecumenical Temple.
  2966 | Temple   | Entered the Ecumenical Temple
  2971 | Temple   | Became a worshipper of Fedhas Madash
  3032 | D:4      | Reached skill level 5 in Unarmed Combat
  3257 | D:4      | You fall into a shaft and drop 2 floors!
  3271 | D:6      | Noticed a steam dragon
  3274 | D:6      | Noticed a water moccasin
  3285 | D:5      | Entered Level 5 of the Dungeon
  3337 | D:5      | Your scales start taking on a glossy black colour.
  3337 | D:5      | Reached XP level 7. HP: 12/60 MP: 7/7
  3337 | D:5      | Gained mutation: You are resistant to electric shocks.
                  | (rElec) [Black Draconian growth]
  3753 | D:5      | Reached skill level 5 in Fighting
  3842 | D:5      | Reached * piety under Fedhas
  3994 | D:5      | Found a white marble altar of Elyvilon.
  4476 | D:6      | Noticed Eustachio
  4584 | D:6      | Reached skill level 5 in Dodging
  4588 | D:6      | Noticed Edmund
  4620 | D:6      | Killed Edmund
  4621 | D:6      | Reached XP level 8. HP: 15/70 MP: 8/8
  5049 | D:6      | Killed Eustachio
  5371 | D:6      | Noticed a cyclops
  5609 | D:7      | Found a flagged portal.
  5612 | D:7      | Reached ** piety under Fedhas
  5623 | Bailey   | Entered a bailey
  5919 | Bailey   | Reached XP level 9. HP: 36/79 MP: 9/9
  5947 | Bailey   | HP: 3/79 [orc warrior/+0 hand axe (7)]
  5952 | Bailey   | HP: 3/79 [orc warrior/+0 hand axe (5)]
  5957 | Bailey   | HP: 3/118 [orc warrior/+0 hand axe (3)]
  6403 | Bailey   | Noticed an orc sorcerer
  6410 | Bailey   | Noticed a rust devil
  6418 | Bailey   | Paralysed by an orc sorcerer for 4 turns
  6423 | Bailey   | HP: 3/114 [orc warrior/+0 war axe (4)]
  6423 | Bailey   | Killed from afar by an orc sorcerer

Illustrated notes

Levels and vault maps discovered:
D:1:      mushboom_english_gardens, layout_basic,
          hellmonk_ecumenical_altar_dog_temple
D:2:      minmay_alternating_diamond, layout_rooms, serial_shops,
          nicolae_shop_drivethru, grunt_decor_mini_mirrors, uniq_natasha,
          uniq_crazy_yiuf_cottage
D:3:      layout_basic, minmay_crystal_room
D:4:      layout_gridville, nicolae_ru_the_path_less_chosen,
          minmay_temple_entry_slanted, serial_demonic, serial_demonic_c,
          serial_demonic_f, serial_demonic_g, serial_demonic_c,
          serial_demonic_g, serial_demonic_c, uniq_grinder
D:5:      layout_basic, nicolae_elyvilon_temple_path
D:6:      minmay_chambers_of_fours, layout_rooms, minmay_between, uniq_menkaure,
          uniq_eustachio, uniq_edmund
D:7:      layout_gridville, enter_bailey_3, minmay_misc_feat_x,
          bh_walls_and_bars
Temple:   nicolae_temple_ecumenical_triangle
Bailey:   bailey_axe_of_yendor_kennysheep, bailey

Skill      XL: |  1  2  3  4  5  6  7  8 |
---------------+-------------------------+-----
Dodging        | 2 3 4 5 6 |  6.6
Fighting       | 2 3 4 6 7 |  7.8
Unarmed Combat | 4 5 6 7 |  7.6
Shapeshifting  | |  3.8

Action                     |  1- 3 |  4- 6 |  7- 9 || total
---------------------------+-------+-------+-------++-------
  Melee: Unarmed           |   110 |   205 |   293 ||   608
         Tailslap          |    11 |    27 |    43 ||    81
         Punch             |     6 |     7 |    11 ||    24
Ability: Breathe Lightning |       |       |     8 ||     8
    Use: Scroll            |       |       |     4 ||     4
         Potion            |       |       |     5 ||     5
   Stab: Sleeping          |     1 |       |       ||     1
 Armour: Skin              |    39 |   118 |   183 ||   340
  Dodge: Dodged            |    70 |   181 |   195 ||   446
